 Dungeon Crawl Stone Soup version 0.19-a0-1110-g6a29f8a (webtiles) character file.

159 Sixotanaka the Slasher (level 5, 0/34 HPs)
             Began as a High Elf Skald on Aug 10, 2016.
             Succumbed to a scorpion's poison
             ... on level 3 of the Dungeon.
             The game lasted 00:06:14 (3414 turns).

Sixotanaka the Slasher (High Elf Skald)             Turns: 3414, Time: 00:06:14

Health: 0/34       AC:  6    Str:  8 (11) XL:     5   Next: 17%
Magic:  9/9        EV: 11    Int: 12 (15) God:
Gold:   149        SH:  0    Dex: 14 (16) Spells: 2 memorised, 5 levels left

rFire  + . .     SeeInvis .     a - +0 falchion
rCold  x . .     Gourm    .     b - +0 leather armour
rNeg   . . .     Faith    .     (no shield)
rPois  .         Spirit   .     r - +1 hat
rElec  .         Dismiss  .     e - +0 cloak (curse)
rCorr  .         Reflect  .     j - +0 pair of gloves (curse)
SustAt .         Harm     .     (no boots)
MR     .....                    (no amulet)
Stlth  +.........               (no ring)
                                f - ring of fire

@: lethally poisoned (0 -> -34), flying
A: no striking features
a: no special abilities


You were on level 3 of the Dungeon.
You were not hungry.

You visited 1 branch of the dungeon, and saw 4 of its levels.

You collected 149 gold pieces.


   Skills:
 - Level 2.0 Fighting
 + Level 6.6 Long Blades
 - Level 0.8 Armour
 - Level 1.1 Dodging
 - Level 2.4 Spellcasting
 - Level 3.6 Charms


You had 5 spell levels left.
You knew the following spells:

 Your Spells              Type           Power        Failure   Level  Hunger
a - Shroud of Golubria    Chrm/Tloc      #.........   30%         2    ###....
z - Infusion              Chrm           ##..         10%         1    ##.....


Dungeon Overview and Level Annotations

Branches:
Dungeon (4/15)
 Temple: D:4-7

Altars:

Annotations:
D:3 1 exclusion, Blork the orc
D:4 Dowan, Duvessa

Inventory:

Hand Weapons
 a - a +0 falchion (weapon)
 l - a +2 dagger of venom
   (You found it on level 2 of the Dungeon)
Armour
 b - a +0 leather armour (worn)
 e - a cursed +0 cloak (worn)
   (You found it on level 1 of the Dungeon)
 g - a +0 ring mail
   (You found it on level 1 of the Dungeon)
 j - a cursed +0 pair of gloves (worn)
   (You found it on level 1 of the Dungeon)
 r - a +1 hat (worn)
   (You found it on level 3 of the Dungeon)
Jewellery
 f - a ring of fire (left hand)
   (You found it on level 1 of the Dungeon)
Scrolls
 h - 4 scrolls of identify {unknown}
Potions
 i - a potion of lignification {unknown}
 n - a potion of degeneration {!q}
 p - 2 potions of flight
 s - a potion of resistance {unknown}
Books
 c - a book of Battle
Comestibles
 d - a bread ration {@e1}
 k - a meat ration {@e2}
 o - 3 fruits

####.# #....#
#.##.# #..#.# ####
##.#.### ...#
#.#...# ...#
#.###.#
...#####.###.#####
...............s@#
#####........###.#
#####........###.#
....#............#
....####.##.#.####
....###...#.#.#
.........##.#.#
....#######.#.#
....##......#.#


You could see a scorpion.


Message History

Level annotation: 1 exclusion, Blork the orc
There is a stone staircase leading down here.
Things that are here:
22 sling bullets; an uncursed dagger of speed an uncursed hunting sling of freezing
There is a stone staircase leading down here.
You start eating the beef jerky.
That beef jerky was jerk-a-riffic!
There is a stone staircase leading down here.
You climb downwards.
Level annotation: Dowan, Duvessa A scorpion and a centaur come into view.
Found 14 gold pieces and a ring mail.
There is a stone staircase leading up here.
The scorpion stings you but does no damage.
You climb upwards.
Level annotation: 1 exclusion, Blork the orc
There is a stone staircase leading down here.
You closely miss the scorpion. The scorpion stings you!
You hit the scorpion but do no damage. The scorpion barely misses you.
You riposte.
You barely miss the scorpion. You closely miss the scorpion.
The scorpion stings you.
You hit the scorpion. The scorpion stings you!
* * * LOW HITPOINT WARNING * * *
You are poisoned.
The scorpion poisons you!
You are too injured to fight recklessly!
You hit the scorpion.
* * * LOW HITPOINT WARNING * * *
You feel sick.
The scorpion stings you but does no damage.
It was a potion of flight.
You feel very buoyant.
You fly up into the air.
You feel sick. The scorpion stings you.
* * * LOW HITPOINT WARNING * * *
You are more poisoned.
The scorpion poisons you!
Unknown command.
It was a potion of degeneration.
There was something very wrong with that liquid.
You feel weakened.
You feel dopey.
You feel clumsy.
* * * LOW HITPOINT WARNING * * *
You feel sick. The scorpion stings you.
* * * LOW HITPOINT WARNING * * *
You are more poisoned.
The scorpion poisons you!
It was a potion of magic.
Magic courses through your body.
You die...

Vault maps used:
D:1:      dpeg_arrival_houses_and_road
D:2:      ecumenical_altar_1, minivault_24, uniq_terence
D:3:      first_bread, minmay_misc_feat_ornament, tgw_sif
D:4:      kennysheep_slug_shrine, lemuel_doored_altar,
          eino_small_chamber_without_monster, uniq_duvessa

Vanquished Creatures
  A hound (D:3)
  Terence (D:2)
  A gnoll (D:1)
  2 adders
  An ooze (D:1)
  2 worms
  A dart slug (D:3)
  A giant gecko (D:1)
  2 giant cockroaches
  10 goblins
  5 hobgoblins
  12 jackals
  A quokka (D:2)
  4 ball pythons
  2 bats (D:1)
  7 kobolds
  6 rats
59 creatures vanquished.

Table legend:
 A = Turns spent in this place as a percentage of turns spent in the entire game.
 B = Non-inter-level travel turns spent in this place as a percentage of non-inter-level travel turns spent in the entire game.
 C = Inter-level travel turns spent in this place as a percentage of turns spent in this place.
 D = Turns resting spent in this place as a percentage of non-inter-level travel turns spent in this place.
 E = Turns spent auto-exploring this place as a percentage of non-inter-level travel turns spent in this place.
 F = Non-inter-level travel turns spent in this place divided by the number of levels of this place that you've seen.
                   A       B       C       D       E      F
               +-------+-------+-------+-------+-------+----------------------
         Total | 100.0 | 100.0 |   1.2 |   4.2 |  17.7 | 189.0
       Dungeon | 100.0 | 100.0 |   1.2 |   4.2 |  17.7 | 189.0
               +-------+-------+-------+-------+-------+----------------------

Table legend:
 A = Kills in this place as a percentage of kills in entire the game.
 B = Kills by you in this place as a percentage of kills by you in the entire game.
 C = Kills by friends in this place as a percentage of kills by friends in the entire game.
 D = Other kills in this place as a percentage of other kills in the entire game.
 E = Experience gained in this place as a percentage of experience gained in the entire game.
 F = Experience gained in this place divided by the number of levels of this place that you have seen.
                   A       B       C       D       E      F
               +-------+-------+-------+-------+-------+----------------------
         Total | 100.0 | 100.0 |  -nan |  -nan | 100.0 |  57.0
       Dungeon | 100.0 | 100.0 |  -nan |  -nan | 100.0 |  57.0
               +-------+-------+-------+-------+-------+----------------------

Notes
Turn   | Place    | Note
-------+----------+-------------------------------------------
     0 | D:1      | Sixotanaka the High Elf Skald began the quest for the Orb.
     0 | D:1      | Reached XP level 1. HP: 14/14 MP: 4/4
   141 | D:1      | Reached skill level 3 in Long Blades
   261 | D:1      | Reached XP level 2. HP: 19/19 MP: 0/6
   351 | D:1      | Learned a level 2 spell: Shroud of Golubria
   626 | D:1      | Reached skill level 4 in Long Blades
   718 | D:1      | Reached XP level 3. HP: 17/24 MP: 3/7
  1277 | D:2      | Found a faded altar of an unknown god.
  1490 | D:2      | Noticed Terence
  1507 | D:2      | Killed Terence
  1507 | D:2      | Reached skill level 5 in Long Blades
  1507 | D:2      | Reached XP level 4. HP: 29/29 MP: 0/8
  2460 | D:3      | Reached skill level 6 in Long Blades
  2518 | D:3      | HP: 7/29 [poisoned by an adder]
  2524 | D:3      | HP: 5/29 [poisoned by an adder]
  2532 | D:3      | HP: 4/29 [poisoned by an adder]
  2869 | D:3      | Noticed Blork the orc
  3005 | D:3      | Reached XP level 5. HP: 23/34 MP: 9/9
  3302 | D:4      | Noticed Duvessa
  3302 | D:4      | Noticed Dowan
  3404 | D:4      | Noticed a centaur
  3413 | D:3      | HP: 8/34 [poisoned by a scorpion]
  3413 | D:3      | HP: 3/34 [scorpion (5)]
  3414 | D:3      | Succumbed to a scorpion's poison

Action                   |  1- 3 |  4- 6 || total
-------------------------+-------+-------++-------
Melee: Falchion          |   103 |   145 ||   248
 Cast: Infusion          |     5 |     3 ||     8
       Shroud of Golubri |     1 |     1 ||     2
  Use: Potion            |       |     3 ||     3
 Stab: Sleeping          |       |     2 ||     2
  Eat: Bread ration      |     1 |       ||     1
       Chunk             |       |     3 ||     3
       Beef jerky        |       |     1 ||     1
Armor: Leather armour    |    36 |    38 ||    74
Dodge: Dodged            |    56 |    64 ||   120
